[Event "23rd ETCC Women 2021"]
[Site "Catez"]
[Date "2021.11.17"]
[Round "5.56"]
[White "Mayrhuber, Nikola"]
[Black "Rodsmoen, Maud"]
[Result "1-0"]
[ECO "D12"]
[WhiteElo "2091"]
[BlackElo "1953"]
[Annotator "NA"]
[PlyCount "73"]
[EventDate "2021.11.08"]
[EventType "team-tourn"]
[EventCountry "SLO"]
[SourceTitle "playchess.com"]
[Source "ChessBase"]
[SourceQuality "1"]
[WhiteTeam "Austria"]
[BlackTeam "Norway"]
[WhiteTeamCountry "AUT"]
[BlackTeamCountry "NOR"]
[TimeControl "40/5400+30:1800+30"]

1. d4 d5 2. c4 c6 3. Nf3 Nf6 4. e3 Bf5 5. Nc3 e6 6. Nh4 Be4 7. f3 Bg6 8. Qb3 Qc7 9. Bd2 Bd6 10. O-O-O dxc4 11. Bxc4 b5 12. Be2 a5 13. Nxg6 hxg6 14. Kb1 a4 15. Qc2 O-O 16. Rc1 Qa7 17. Ne4 Nxe4 18. Qxe4 Re8 19. h4 e5 20. h5 f5 21. Qh4 Qe7 22. hxg6 Qxh4 23. Rxh4 Re6 24. Bxb5 Rxg6 25. Bc4+ Kf8 26. dxe5 Bxe5 27. Rd1 c5 28. Rh5 Bf6 29. Rh8+ Ke7 30. Bd5 Ra7 31. Rxb8 Rxg2 32. Bc3 Bxc3 33. bxc3 Re2 34. Rg1 Kf6 35. f4 g6 36. Rb6+ Ke7 37. Rgxg6 1-0

[Event "23rd ETCC Women 2021"]
[Site "Catez"]
[Date "2021.11.17"]
[Round "5.57"]
[White "Toma, Katarzyna"]
[Black "Atalik, Ekaterina"]
[Result "0-1"]
[ECO "C62"]
[WhiteElo "2261"]
[BlackElo "2430"]
[Annotator "ChessBase"]
[PlyCount "92"]
[EventDate "2021.11.08"]
[EventType "team-tourn"]
[EventCountry "SLO"]
[SourceTitle "playchess.com"]
[Source "ChessBase"]
[SourceQuality "1"]
[WhiteTeam "England"]
[BlackTeam "Turkey"]
[WhiteTeamCountry "ENG"]
[BlackTeamCountry "TUR"]
[TimeControl "40/5400+30:1800+30"]

1. e4 e5 2. Nf3 Nc6 3. Nc3 Nf6 4. Bb5 d6 5. d4 exd4 6.
Nxd4 Bd7 7. Nxc6 bxc6 8. Bc4 Be7 9. O-O O-O 10. h3 Rb8 11.
Rb1 Be6 12. Bd3 d5 13. e5 Nd7 14. f4 f5 15. Bd2 c5 16. b3 Nb6 17. Kh2 Qd7 18.
a4 d4 19. Na2 c4 20. Be2 cxb3 21. cxb3 Nxa4 22. bxa4 Bxa2 23.
Rxb8 Rxb8 24. Qc2 Bd5 25. Bc4 Bxc4 26. Qxc4+ Kh8 27. Rc1 c5 28. Qf7 Rf8 29. Qb3 Qc6 30. Qc4 Qb7 31. Qe6 g6 32. a5 a6 33. Be1 Kg7 34. Bf2 Rf7 35. Qa2 Qe4 36. Rb1 Qxf4+ 37. Bg3 Qe4 38. e6 Rf8 39. Re1 Qc6 40. Be5+ Bf6 41. Qc4 Re8 42. Bg3 Re7 43. Rb1 Qxe6 44. Qxc5 Be5 45. Rb6 Bxg3+ 46. Kxg3 Qe3+ 0-1

[Event "23rd ETCC Women 2021"]
[Site "Catez"]
[Date "2021.11.17"]
[Round "5.58"]
[White "Caglar, Sila"]
[Black "Head, Louise"]
[Result "1-0"]
[ECO "B13"]
[WhiteElo "2250"]
[BlackElo "2069"]
[Annotator "ChessBase"]
[PlyCount "81"]
[EventDate "2021.11.08"]
[EventType "team-tourn"]
[EventCountry "SLO"]
[SourceTitle "playchess.com"]
[Source "ChessBase"]
[SourceQuality "1"]
[WhiteTeam "Turkey"]
[BlackTeam "England"]
[WhiteTeamCountry "TUR"]
[BlackTeamCountry "ENG"]
[TimeControl "40/5400+30:1800+30"]

1. e4 c6 2. d4 d5 3. exd5 cxd5 4. c4 Nf6 5. Nc3 Be6 6. Bg5 dxc4 7. Bxf6 exf6 8. d5 Bc8 9. Bxc4 Bd6 10. Qe2+ Kf8 11. O-O-O g6 12. h4 h5 13. f3 Nd7 14. Nh3 a6 15. Bb3 f5 16. Qf2 b5 17. f4 Bc5 18.
Qd2 Bd6 19. g3 Kg7 20. Ng5 Nc5 21. Bc2 Qf6 22. Rhe1 b4 23. Ne2 Bb7 24. Kb1 Rhd8 25. Qxb4 Nd3 26. Qxb7 Nxe1 27. Ne6+ Kh8 28. Nxd8 Rb8 29. Nxf7+ Kg8 30. Nxd6 Qxd6 31. Qc6 Qb4 32. Qxg6+ Kh8 33.
Qxh5+ Kg7 34. Qg5+ Kh8 35. Qf6+ Kg8 36. Qc3 Nxc2 37. Qxc2 a5 38. d6 a4 39. d7 Qb6 40. Nc3 Kg7 41. Nxa4 1-0

[Event "23rd ETCC Women 2021"]
[Site "Catez"]
[Date "2021.11.17"]
[Round "5.59"]
[White "Emelianova, Maria"]
[Black "Aydin, Gulenay"]
[Result "0-1"]
[ECO "B12"]
[WhiteElo "2113"]
[BlackElo "2114"]
[Annotator "NA"]
[PlyCount "78"]
[EventDate "2021.11.08"]
[EventType "team-tourn"]
[EventCountry "SLO"]
[SourceTitle "playchess.com"]
[Source "ChessBase"]
[SourceQuality "1"]
[WhiteTeam "England"]
[BlackTeam "Turkey"]
[WhiteTeamCountry "ENG"]
[BlackTeamCountry "TUR"]
[TimeControl "40/5400+30:1800+30"]

1. e4 c6 2. d4 d5 3. e5 Bf5 4. Nf3 e6 5. h4 h5 6. Nbd2 Nd7 7. Be2 Be7 8. a4 a5 9. b3 Nh6 10. Nf1 Bg4 11. Ng5 Bxe2 12. Qxe2 Nf5 13. c3 Nxh4 14. Rxh4 Bxg5 15. Rxh5 Rxh5 16. Qxh5 Bxc1 17. Rxc1 Qe7 18. Qh8+ Qf8 19. Qxf8+ Kxf8 20. c4 dxc4 21. bxc4 c5 22. Rd1 cxd4 23. f4 Nb6 24. Rxd4 Nxa4 25. Rd7 Nc5 26. Rd6 a4 27. Ne3 a3 28. Nc2 a2 29. Na1 Ra4 30. Rd2 Rxc4 31. Rxa2 Rxf4 32. Ra8+ Ke7 33. Rc8 Re4+ 34. Kd2 Rxe5 35. Rc7+ Kf6 36. Nc2 Ne4+ 37. Ke3 Rc5 38. Rxb7 Rxc2 39. Kxe4 Rxg2 0-1

[Event "23rd ETCC Women 2021"]
[Site "Catez"]
[Date "2021.11.17"]
[Round "5.60"]
[White "Onur, Cigdem"]
[Black "Bayat, Shohreh"]
[Result "1-0"]
[ECO "C07"]
[WhiteElo "2015"]
[BlackElo "2091"]
[Annotator "NA"]
[PlyCount "111"]
[EventDate "2021.11.08"]
[EventType "team-tourn"]
[EventCountry "SLO"]
[SourceTitle "playchess.com"]
[Source "ChessBase"]
[SourceQuality "1"]
[WhiteTeam "Turkey"]
[BlackTeam "England"]
[WhiteTeamCountry "TUR"]
[BlackTeamCountry "ENG"]
[TimeControl "40/5400+30:1800+30"]

1. e4 e6 2. d4 d5 3. Nd2 c5 4. Ngf3 cxd4 5. Nxd4 Nc6 6. Bb5 Bd7 7. Nxc6 bxc6 8. Bd3 e5 9. O-O Bd6 10. c4 d4 11. c5 Bxc5 12. Nc4 Qe7 13. f4 Bd6 14. fxe5 Bxe5 15. Qh5 Bc7 16. Bg5 Qe6 17. e5 g6 18. Qf3 Qd5 19. Qf4 Be6 20. Rac1 f5 21. Nd6+ Bxd6 22. exd6 Kd7 23. Bc4 Qxd6 24. Bxe6+ Kxe6 25. Rfe1+ Kd7 26. Qxd6+ Kxd6 27. Bf4+ Kd7 28.
Be5 Ne7 29. Bxh8 Rxh8 30. Red1 Rb8 31. Rxd4+ Nd5 32. b3 Kd6 33. Kf2 g5 34. g3 Rb7 35. Rcc4 a5 36. Rd2 h6 37. g4 f4 38. Kf3 Rb4 39. Rxb4 axb4 40. h4 Ke5 41. hxg5 hxg5 42. Rh2 Nc3 43. Rh5 Ne4 44. Rh7 Nd2+ 45. Kg2 Ne4 46. Re7+ Kd4 47. Kf3 Nd2+ 48. Ke2 Ne4 49. Rd7+ Ke5 50. Kf3 Nc3 51. Rg7 Kf6 52. Rc7 Nxa2 53. Rxc6+ Kg7 54. Rb6 Kf7 55. Ke4 Nc3+ 56. Kf5 1-0

[Event "23rd ETCC Women 2021"]
[Site "Catez"]
[Date "2021.11.19"]
[Round "6.1"]
[White "Goryachkina, Aleksandra"]
[Black "Tsolakidou, Stavroula"]
[Result "1-0"]
[ECO "D13"]
[WhiteElo "2604"]
[BlackElo "2377"]
[Annotator "ChessBase"]
[PlyCount "107"]
[EventDate "2021.11.08"]
[EventType "team-tourn"]
[EventCountry "SLO"]
[WhiteTeam "Russia"]
[BlackTeam "Greece"]
[WhiteTeamCountry "RUS"]
[BlackTeamCountry "GRE"]
[TimeControl "40/5400+30:1800+30"]

1. d4 d5 2. c4 c6 3. cxd5 cxd5 4. Bf4 Nc6 5. e3 Nf6 6. Nc3 a6 7. Be2 Bf5 8. Nf3 e6 9. Qb3 Bd6 10. Bxd6 Qxd6 11. Qxb7 O-O 12. Qb3 Rfb8 13. Qa3 Qxa3 14. bxa3 Na7 15. a4 Nc6 16. O-O Rb2 17. Rfc1 h6 18. h3 g5 19. Bf1 Nb4 20. a3 Nd3 21. Bxd3 Bxd3 22. Ne5 Bc2 23.
a5 Ne8 24. Ra2 Rxa2 25. Nxa2 Ba4 26. Nc3 Rc8 27. Nd3 Bb3 28. Nc5 Bc4 29. Rb1 e5 30. Rb6 Kg7 31. g4 Nf6 32. f3 Rc7 33.
Kf2 h5 34. Nd1 Re7 35. dxe5 Rxe5 36. Rxf6 Kxf6 37. Nd7+ Ke6 38.
Nxe5 Kxe5 39. gxh5 Kf6 40. Kg3 Kg7 41. Kg4 Kh6 42. Nc3 Bb3 43.
h4 gxh4 44. Kxh4 f5 45. Ne2 Ba4 46. Nd4 Bd7 47. f4 Bc8 48.
Nc6 Bd7 49. Nb4 Bc8 50. Nxd5 Bb7 51. Nf6 Ba8 52. Ng8+ Kg7 53. Ne7 Kf6 54. h6 1-0

[Event "23rd ETCC Women 2021"]
[Site "Catez"]
[Date "2021.11.19"]
[Round "6.3"]
[White "Shuvalova, Polina"]
[Black "Pavlidou, Ekaterini"]
[Result "1-0"]
[ECO "B31"]
[WhiteElo "2515"]
[BlackElo "2172"]
[Annotator "ChessBase"]
[PlyCount "69"]
[EventDate "2021.11.08"]
[EventType "team-tourn"]
[EventCountry "SLO"]
[WhiteTeam "Russia"]
[BlackTeam "Greece"]
[WhiteTeamCountry "RUS"]
[BlackTeamCountry "GRE"]
[TimeControl "40/5400+30:1800+30"]

1. e4 c5 2. Nf3 Nc6 3. Bb5 g6 4. O-O Bg7 5. c3 Nf6 6. Re1 O-O 7. d4 cxd4 8. cxd4 d5 9. e5 Ne4 10. Nc3 Nxc3 11. bxc3 Bg4 12. h3 Bxf3 13. Qxf3 Qd7 14. h4 Rac8 15. h5 Qe6 16. Bg5 Na5 17. Qg3 h6 18. Bc1 Nc4 19. Ba4 gxh5 20. Re2 h4 21. Qf3 h3 22. Bc2 hxg2 23. Bf5 Qc6 24. Bxc8 Rxc8 25. Kxg2 Qg6+ 26. Kh2 Kh7 27. Bf4 Rg8 28. Rg1 Qf5 29. Rg3 Nb6 30. Re1 Na4 31. Bd2 Qxf3 32. Rxf3 f6 33. Rg1 Nb6 34. Rfg3 fxe5 35. Bxh6 1-0

[Event "23rd ETCC Women 2021"]
[Site "Catez"]
[Date "2021.11.19"]
[Round "6.4"]
[White "Markantonaki, Haritomeni"]
[Black "Kashlinskaya, Alina"]
[Result "0-1"]
[ECO "C13"]
[WhiteElo "2174"]
[BlackElo "2482"]
[Annotator "ChessBase"]
[PlyCount "70"]
[EventDate "2021.11.08"]
[EventType "team-tourn"]
[EventCountry "SLO"]
[WhiteTeam "Greece"]
[BlackTeam "Russia"]
[WhiteTeamCountry "GRE"]
[BlackTeamCountry "RUS"]
[TimeControl "40/5400+30:1800+30"]

1. e4 e6 2. d4 d5 3. Nc3 Nf6 4. Bg5 dxe4 5. Nxe4 Be7 6. Bxf6 gxf6 7. Nf3 f5 8. Nc3 a6 9. g3 b5 10. Bg2 Bb7 11. O-O c5 12. d5 b4 13.
dxe6 bxc3 14. exf7+ Kf8 15. Qe2 cxb2 16. Rad1 Qb6 17. Rfe1 Qf6 18. Ne5 Bxg2 19. Kxg2 Ra7 20. c3 Rb7 21. f4 Kg7 22. Qf3 Rb6 23. Rb1 Rd8 24. Re2 Nd7 25. Rbxb2 Rxb2 26. Rxb2 Nxe5 27. fxe5 Qxe5 28. Re2 Qf6 29. Qb7 Kxf7 30. Qb3+ Kf8 31. Re6 Qf7 32. Rxa6 Rd2+ 33. Kg1 Qh5 34. Qb8+ Kf7 35. Qb3+ Kg7 0-1

[Event "23rd ETCC Women 2021"]
[Site "Catez"]
[Date "2021.11.19"]
[Round "6.6"]
[White "Javakhishvili, Lela"]
[Black "Cyfka, Karina"]
[Result "1-0"]
[ECO "E11"]
[WhiteElo "2446"]
[BlackElo "2416"]
[Annotator "ChessBase"]
[PlyCount "147"]
[EventDate "2021.11.08"]
[EventType "team-tourn"]
[EventCountry "SLO"]
[WhiteTeam "Georgia"]
[BlackTeam "Poland"]
[WhiteTeamCountry "GEO"]
[BlackTeamCountry "POL"]
[TimeControl "40/5400+30:1800+30"]

1. d4 Nf6 2. c4 e6 3. Nf3 d5 4. g3 Bb4+ 5. Bd2 a5 6. Qc2 O-O 7. Bg2 c5 8.
dxc5 d4 9. Bxb4 axb4 10. Ne5 Qc7 11. Nd3 Na6 12. O-O Nd7 13.
Nd2 Ndxc5 14. Nb3 Nxd3 15. exd3 Rd8 16. c5 Bd7 17. a3 bxa3 18.
Rxa3 Bc6 19. Bxc6 Qxc6 20. Rc1 Rac8 21. Qc4 e5 22. Na5 Qxc5 23. Nxb7 Qf8 24. Nxd8 Rxc4 25. Rxc4 Qxd8 26. Rxa6 h5 27. Ra7 e4 28. Raa4 exd3 29. Rxd4 Qc8 30. Rac4 Qa6 31. Rd8+ Kh7 32. b3 Qa1+ 33. Kg2 Qd1 34. b4 Qb3 35. Rcd4 d2 36. R8d5 d1=Q 37. Rxd1 Qxb4 38. Rxh5+ Kg6 39. Rhd5 Qe4+ 40. Kg1 f6 41.
R1d4 Qb1+ 42. Kg2 Qb7 43. h3 Qa8 44. Kh2 Qa2 45. Rd2 Qc4 46.
R5d4 Qc5 47. Rf4 Qc6 48. Rg4+ Kh7 49. Rh4+ Kg6 50. Rdd4 Qc2 51. Rhf4 Qc6 52. Rc4 Qb7 53. Rg4+ Kh7 54. Rh4+ Kg8 55. Rc2 Qd7 56. Rhc4 Kh7 57. Rc7 Qd4 58. Re7 Kh6 59. h4 f5 60. Rf7 g6 61. Ra2 Qc5 62. Rd2 Qb6 63. Kg1 Qb1+ 64. Kg2 Qe4+ 65. Kh2 Qe1 66. Ra2 Qf1 67. Re7 Qc4 68. Raa7 Kh5 69. f3 g5 70. Rh7+ Kg6 71. Rag7+ Kf6 72. hxg5+ Ke5 73. Re7+ Kd4 74. Rh4+ 1-0

[Event "23rd ETCC Women 2021"]
[Site "Catez"]
[Date "2021.11.19"]
[Round "6.7"]
[White "Kiolbasa, Oliwia"]
[Black "Arabidze, Meri"]
[Result "1/2-1/2"]
[ECO "B80"]
[WhiteElo "2403"]
[BlackElo "2441"]
[Annotator "ChessBase"]
[PlyCount "96"]
[EventDate "2021.11.08"]
[EventType "team-tourn"]
[EventCountry "SLO"]
[WhiteTeam "Poland"]
[BlackTeam "Georgia"]
[WhiteTeamCountry "POL"]
[BlackTeamCountry "GEO"]
[TimeControl "40/5400+30:1800+30"]

1. e4 c5 2. Nf3 e6 3. d4 cxd4 4. Nxd4 Nf6 5. Nc3 d6 6. g3 Nc6 7. Bg2 Bd7 8. Ndb5 Qb8 9. Bg5 a6 10. Bxf6 gxf6 11. Nd4 Qa7 12. Nb3 Ne5 13. a4 Rc8 14. Nd2 h5 15. Qe2 Qb6 16. Ra2 Qc5 17. f4 Ng4 18.
Nb3 Qa7 19. Bf3 Ne3 20. Qf2 Ra8 21. Nd1 Nxd1 22. Qxa7 Rxa7 23. Kxd1 h4 24. Nd2 Bc6 25. Ke2 hxg3 26. hxg3 Rxh1 27. Bxh1 f5 28. Ra1 fxe4 29. Bxe4 d5 30. Bd3 Bg7 31. c3 Ra8 32. Nf3 Ke7 33. a5 Rh8 34. Kd2 d4 35. Nxd4 Bxd4 36. cxd4 Rh2+ 37. Kc3 Rg2 38. f5 Rxg3 39. Kc2 exf5 40. Bxf5 Rf3 41. Bd3 Kd6 42. Re1 f5 43. Re5 f4 44. Bc4 Bd7 45. Rd5+ Ke7 46. Re5+ Kd6 47. Rd5+ Ke7 48. Re5+ Kd6 1/2-1/2

[Event "23rd ETCC Women 2021"]
[Site "Catez"]
[Date "2021.11.19"]
[Round "6.9"]
[White "Brunello, Marina"]
[Black "Mammadzada, Gunay"]
[Result "1/2-1/2"]
[ECO "B52"]
[WhiteElo "2359"]
[BlackElo "2459"]
[Annotator "ChessBase"]
[PlyCount "71"]
[EventDate "2021.11.08"]
[EventType "team-tourn"]
[EventCountry "SLO"]
[WhiteTeam "Italy"]
[BlackTeam "Azerbaijan"]
[WhiteTeamCountry "ITA"]
[BlackTeamCountry "AZE"]
[TimeControl "40/5400+30:1800+30"]

1. e4 c5 2. Nf3 d6 3. Bb5+ Bd7 4. Bxd7+ Qxd7 5. O-O Nf6 6. Qe2 e6 7. c3 Be7 8. d4 O-O 9. dxc5 dxc5 10. e5 Nd5 11. c4 Nb6 12. Rd1 Qc7 13.
Nc3 a6 14. Bf4 Nc6 15. Ne4 Rad8 16. h4 Rxd1+ 17. Rxd1 Rd8 18. Nd6 Nc8 19. Ne4 Nb6 20. Nd6 Nc8 21. Nxc8 Qxc8 22. h5 h6 23. g4 b5 24. b3 bxc4 25. Rxd8+ Qxd8 26. bxc4 Nd4 27. Nxd4 Qxd4 28. Bg3 Bg5 29. Kg2 Bf4 30. Bxf4 Qxf4 31. f3 Qd4 32. Kg3 Kf8 33. Qe4 Qg1+ 34. Kh3 Qh1+ 35. Kg3 Qg1+ 36. Kh3 1/2-1/2

[Event "23rd ETCC Women 2021"]
[Site "Catez"]
[Date "2021.11.19"]
[Round "6.10"]
[White "Mammadova, Gulnar"]
[Black "Zimina, Olga"]
[Result "1/2-1/2"]
[ECO "B15"]
[WhiteElo "2395"]
[BlackElo "2339"]
[Annotator "ChessBase"]
[PlyCount "182"]
[EventDate "2021.11.08"]
[EventType "team-tourn"]
[EventCountry "SLO"]
[WhiteTeam "Azerbaijan"]
[BlackTeam "Italy"]
[WhiteTeamCountry "AZE"]
[BlackTeamCountry "ITA"]
[TimeControl "40/5400+30:1800+30"]

1. e4 c6 2. d4 d5 3. Nc3 dxe4 4. Nxe4 Nf6 5. Nxf6+ exf6 6. c3 Bd6 7. Bd3 Na6 8. Ne2 Nc7 9. Qc2 h5 10. Bd2 Kf8 11. h3 Nd5 12. O-O-O b5 13. Kb1 a5 14. Ng3 h4 15. Ne4 Be7 16. g4 g6 17. f4 Kg7 18. Rhe1 a4 19. f5 g5 20. Qc1 Ba6 21. Nc5 Bd6 22. Be4 Bg3 23. Rf1 Kh6 24. Rf3 Bd6 25. Nxa6 Rxa6 26. c4 bxc4 27. Qxc4 Qa8 28. Bxd5 cxd5 29. Qe2 Rb6 30. Rc1 Rhb8 31. Rc2 Qb7 32. Bc1 Rb4 33. Qf2 Kg7 34. Rfc3 Qe7 35. Re3 Qa7 36. Rd3 Kf8 37. Rc6 Be5 38. Rc2 Bxd4 39. Be3 Bxe3 40. Qxe3 d4 41. Qf3 Qb6 42. Qf2 Kg7 43. Qd2 Qd6 44. Ka1 Qe5 45. Kb1 Qe4 46. Ka1 a3 47. b3 Re8 48. Rc1 Qf4 49.
Rd1 Re3 50. Kb1 Qe4 51. Qc2 Qf3 52. Qd2 Rb5 53. Rxd4 Re2 54.
Qd3 Qf2 55. Rd2 Qf1+ 56. Rd1 Qg2 57. Rd2 Rbe5 58. Qc3 R5e3 59. Qxe3 Qh1+ 60. Rd1 Qxd1+ 61. Rxd1 Rxe3 62. Rh1 Re2 63. Ka1 Kf8 64. b4 Ke7 65. b5 Kd7 66. b6 Kc8 67. Kb1 Rb2+ 68. Ka1 Rxb6 69. Rc1+ Kd7 70. Rc3 Ra6 71. Rd3+ Kc6 72. Kb1 Kc5 73. Kc2 Kc4 74. Kd2 Ra5 75. Kc2 Ra7 76. Kd2 Ra6 77. Kc2 Kb4 78. Rd4+ Kc5 79. Rd3 Ra4 80. Kb3 Ra7 81. Kc2 Kc4 82. Kd2 Ra4 83. Kc2 Ra8 84. Kd2 Ra5 85. Kc2 Kb4 86. Rd4+ Kc5 87. Rd3 Ra4 88. Kb3 Ra7 89. Kc2 Kc6 90. Kb3 Kc5 91. Kc2 Ra4 1/2-1/2

[Event "23rd ETCC Women 2021"]
[Site "Catez"]
[Date "2021.11.19"]
[Round "6.17"]
[White "Paehtz, Elisabeth"]
[Black "Lazarne Vajda, Szidonia"]
[Result "1-0"]
[ECO "B11"]
[WhiteElo "2485"]
[BlackElo "2345"]
[Annotator "ChessBase"]
[PlyCount "73"]
[EventDate "2021.11.08"]
[EventType "team-tourn"]
[EventCountry "SLO"]
[WhiteTeam "Germany"]
[BlackTeam "Hungary"]
[WhiteTeamCountry "GER"]
[BlackTeamCountry "HUN"]
[TimeControl "40/5400+30:1800+30"]

1. e4 c6 2. Nf3 d5 3. Nc3 dxe4 4. Nxe4 Nf6 5. Qe2 Nxe4 6. Qxe4 Qa5 7. Bd3 e6 8. O-O Nd7 9. Re1 Be7 10. Bf1 Qd5 11. Qe3 O-O 12. c4 Qd6 13.
d4 Rd8 14. Bd2 Nf8 15. Rad1 Bf6 16. Qe4 Bd7 17. Bf4 Qe7 18. Qe3 Be8 19. Qb3 b6 20. Bg3 c5 21. d5 Qb7 22. Bd3 exd5 23. cxd5 Rac8 24. Ne5 Bxe5 25. Bxe5 Ng6 26. Bf5 Ra8 27. Bg3 b5 28. h4 c4 29. Qc2 Nf8 30. d6 Bc6 31. Re7 Qb6 32. h5 g6 33. h6 Qa5 34. Be4 Rac8 35.
Bxc6 Rxc6 36. Qe4 Rcc8 37. Qd4 1-0

[Event "23rd ETCC Women 2021"]
[Site "Catez"]
[Date "2021.11.19"]
[Round "6.19"]
[White "Klek, Hanna Marie"]
[Black "Gaal, Zsoka"]
[Result "1/2-1/2"]
[ECO "B12"]
[WhiteElo "2343"]
[BlackElo "2336"]
[Annotator "ChessBase"]
[PlyCount "221"]
[EventDate "2021.11.08"]
[EventType "team-tourn"]
[EventCountry "SLO"]
[WhiteTeam "Germany"]
[BlackTeam "Hungary"]
[WhiteTeamCountry "GER"]
[BlackTeamCountry "HUN"]
[TimeControl "40/5400+30:1800+30"]

1. e4 c6 2. d4 d5 3. e5 c5 4. dxc5 e6 5. Nf3 Bxc5 6. Bd3 Ne7 7. O-O Ng6 8.
Qe2 O-O 9. c3 Nd7 10. b4 Be7 11. Na3 a5 12. Nc2 Qc7 13. Bxg6 fxg6 14. Ncd4 Nb6 15. Bg5 Bxg5 16. Nxg5 Qe7 17. f4 h6 18. Nh3 axb4 19. Rf3 bxc3 20. Rxc3 Nc4 21. Rg3 Qf7 22. Rb1 b6 23. Nf3 Ba6 24. Qe1 Bb7 25. Nh4 Rxa2 26. Rxg6 d4 27. f5 exf5 28. Nf4 Be4 29. e6 Qe8 30. Ra1 Rxa1 31. Qxa1 Ne5 32. Qxd4 Nxg6 33. Nhxg6 Rf6 34. Ne5 Rxe6 35. Qc4 b5 36. Qxe6+ Qxe6 37. Nxe6 b4 38. Nc5 Bd5 39. Kf2 Kf8 40. g3 Ke7 41. Ke3 Kd6 42. Kd4 b3 43. Na4 g5 44. Nc3 Bg8 45.
Nd3 Bh7 46. Nd1 Ke6 47. Nc5+ Kf6 48. Nxb3 f4 49. Nd2 Kf5 50. Nf2 h5 51. Nc4 fxg3 52. hxg3 Bg8 53. Ne3+ Kf6 54. Ne4+ Kg6 55. Ke5 Bb3 56. Nf2 Ba4 57. Nd5 h4 58. g4 h3 59. Nxh3 Bd1 60.
Nf2 Bxg4 61. Nxg4 Kh5 62. Ndf6+ Kh4 63. Ke4 Kg3 64. Ke3 Kg2 65. Ne4 Kh3 66. Kf3 Kh4 67. Ng3 Kh3 68. Nh5 Kh4 69. Nhf6 Kh3 70. Nf2+ Kh4 71. N6g4 Kh5 72. Kg3 Kg6 73. Nd3 Kf5 74. Kf3 Ke6 75. Ke4 Kd6 76. Nb4 Kc5 77. Nd5 Kd6 78. Kd4 Ke6 79. Nde3 Kd6 80. Nf5+ Kc6 81. Kc4 Kb6 82. Nd4 Kc7 83. Kc5 Kd7 84. Nb5 Ke7 85. Nd6 Kf8 86. Nf5 Kf7 87. Kd6 Kg6 88. Ng3 Kf7 89. Kd7 Kf8 90. Nh5 Kf7 91. Nhf6 Kg7 92. Ke7 Kg6 93. Ke6 Kg7 94. Nh5+ Kf8 95. Ng3 Ke8 96. Nf5 Kd8 97. Kd6 Ke8 98. Ne7 Kd8 99. Nc6+ Kc8 100. Na5 Kd8 101. Nb7+ Ke8 102. Ke6 Kf8 103. Nd6 Kg7 104. Kf5 Kf8 105. Kf6 Kg8 106. Nf5 Kf8 107. Ng7 Kg8 108. Ne6 Kh8 109. Kf7 Kh7 110. Nf8+ Kh8 111. Ne5 1/2-1/2

[Event "23rd ETCC Women 2021"]
[Site "Catez"]
[Date "2021.11.19"]
[Round "6.20"]
[White "Terbe, Julianna"]
[Black "Lubbe, Melanie"]
[Result "1-0"]
[ECO "A46"]
[WhiteElo "2318"]
[BlackElo "2311"]
[Annotator "ChessBase"]
[PlyCount "65"]
[EventDate "2021.11.08"]
[EventType "team-tourn"]
[EventCountry "SLO"]
[WhiteTeam "Hungary"]
[BlackTeam "Germany"]
[WhiteTeamCountry "HUN"]
[BlackTeamCountry "GER"]
[TimeControl "40/5400+30:1800+30"]

1. d4 Nf6 2. Nf3 e6 3. Bf4 c5 4. e3 cxd4 5. exd4 b6 6. Nbd2 Be7 7. h3 O-O 8. c3 d6 9. Bb5 Bb7 10. O-O Nbd7 11. Re1 Re8 12. a4 a6 13. Bf1 Bf8 14. Bh2 Qc7 15. Qb3 Bc6 16. Ng5 Qb7 17. f3 b5 18.
axb5 axb5 19. Rxa8 Rxa8 20. Nxf7 Bd5 21. c4 Kxf7 22. cxd5 Nxd5 23. Ne4 Kg8 24. Ng5 e5 25. Qxb5 Rb8 26. Qxb7 Rxb7 27. dxe5 dxe5 28. Bc4 N7b6 29. Bb3 Bc5+ 30. Kh1 h6 31. Ne6 Bb4 32. Rxe5 Rd7 33. Nf4 1-0

[Event "23rd ETCC Women 2021"]
[Site "Catez"]
[Date "2021.11.19"]
[Round "6.22"]
[White "Baginskaite, Kamile"]
[Black "Hagarova, Zuzana"]
[Result "1/2-1/2"]
[ECO "A39"]
[WhiteElo "2100"]
[BlackElo "2292"]
[Annotator "ChessBase"]
[PlyCount "218"]
[EventDate "2021.11.08"]
[EventType "team-tourn"]
[EventCountry "SLO"]
[WhiteTeam "Lithuania"]
[BlackTeam "Slovakia"]
[WhiteTeamCountry "LTU"]
[BlackTeamCountry "SVK"]
[TimeControl "40/5400+30:1800+30"]

1. d4 Nf6 2. c4 g6 3. Nf3 Bg7 4. g3 O-O 5. Bg2 c5 6. O-O cxd4 7. Nxd4 Nc6 8.
Nc3 Nxd4 9. Qxd4 d6 10. Qd3 a6 11. Bd2 Bf5 12. e4 Be6 13.
b3 Rb8 14. Rac1 Nd7 15. Rfd1 Ne5 16. Qe2 Qd7 17. Nd5 b5 18. cxb5 Bxd5 19. exd5 axb5 20. h3 Qd8 21. Bb4 Re8 22. f4 Nd7 23. Rc6 Ra8 24. Rd2 Qb8 25. Kh2 Ra7 26. Bf1 Rb7 27. Qd1 Nf6 28. Bg2 h5 29. Rdc2 Qa7 30. Qg1 Qa8 31. Qc1 Kh7 32. Bf3 Qa7 33. Qg1 Ra8 34. Qxa7 Rbxa7 35. a3 Rxa3 36. Bxa3 Rxa3 37. R2c3 Ra2+ 38. Kh1 Ra1+ 39. Kg2 Ra2+ 40. Rc2 Ra3 41. Rc7 Ng8 42. b4 Rb3 43. Rb7 Rxb4 44. Be2 h4 45. Rxb5 Rd4 46. g4 Nf6 47. Bf3 Rxf4 48. Re2 Ng8 49. Re4 Rxe4 50. Bxe4 Bf6 51. Kf3 Bg5 52. Rb7 Kg7 53. Rb8 Nf6 54. Rb7 Nh7 55. Rb8 Bf6 56. Kg2 Ng5 57. Bf3 Be5 58. Rb1 Kf6 59. Re1 e6 60. Re2 Nxf3 61. Kxf3 exd5 62. Ra2 Ke6 63. Ra5 d4 64. Ke4 f5+ 65. gxf5+ gxf5+ 66. Kd3 Kf6 67. Ke2 Kg5 68. Kf3 Kf6 69. Rb5 Ke6 70. Ke2 Bf4 71. Ra5 Be3 72. Rb5 d5 73. Kf3 Bg5 74. Rb3 Ke5 75. Rd3 Bh6 76. Rb3 Be3 77. Ra3 Kd6 78. Ra5 Bg5 79. Ra6+ Ke5 80. Ra3 Bd2 81. Rb3 Be1 82. Rb1 Bg3 83. Rb3 Kd6 84. Rb5 Kc6 85. Rb3 Kc5 86. Ke2 Kc4 87. Rf3 f4 88. Ra3 Bh2 89. Ra4+ Kc3 90. Ra3+ Kc2 91. Ra2+ Kb3 92. Ra5 Kc4 93. Ra4+ Kc3 94. Ra3+ Kb4 95. Ra1 Bg3 96. Rb1+ Kc3 97. Rc1+ Kb4 98. Rc8 d3+ 99. Kxd3 f3 100. Rf8 f2 101. Kd4 Kb3 102. Kxd5 Kc3 103. Ke4 Kd2 104. Rxf2+ Bxf2 105. Kf3 Ke1 106.
Kg2 Ke2 107. Kh1 Kf1 108. Kh2 Bg3+ 109. Kh1 Bf4 1/2-1/2

[Event "23rd ETCC Women 2021"]
[Site "Catez"]
[Date "2021.11.19"]
[Round "6.23"]
[White "Sucikova, Svetlana"]
[Black "Simkunaite, Gabija"]
[Result "0-1"]
[ECO "A12"]
[WhiteElo "2197"]
[BlackElo "1962"]
[Annotator "ChessBase"]
[PlyCount "92"]
[EventDate "2021.11.08"]
[EventType "team-tourn"]
[EventCountry "SLO"]
[WhiteTeam "Slovakia"]
[BlackTeam "Lithuania"]
[WhiteTeamCountry "SVK"]
[BlackTeamCountry "LTU"]
[TimeControl "40/5400+30:1800+30"]

1. Nf3 d5 2. e3 Nf6 3. c4 c6 4. b3 Bf5 5. Bb2 e6 6. Be2 Bd6 7. O-O O-O 8. Nh4 Bxb1 9. Rxb1 Ne4 10. Nf3 Nd7 11. Bd3 e5 12. Rc1 f5 13. Bb1 Ng5 14. cxd5 Nxf3+ 15. Qxf3 e4 16. Qh5 cxd5 17. f3 Be5 18. Bxe5 Nxe5 19. fxe4 g6 20. Qe2 dxe4 21. Qb5 Qd6 22. Qxb7 Ng4 23. Qc7 Qxd2 24. Rc2 Qxe3+ 25. Kh1 Rf7 26. Qd6 Qb6 27. Qxb6 axb6 28. Rc6 Rf6 29. Bxe4 Rxc6 30. Bxc6 Rxa2 31. b4 Rb2 32. b5 Ne5 33. Rc1 Nf7 34. h3 Kg7 35. Ra1 Nd6 36. Ra6 Nxb5 37. Rxb6 Rb1+ 38. Kh2 Nc3 39. Rxb1 Nxb1 40. Kg3 Kf6 41. Kf4 Na3 42. h4 h6 43. g4 g5+ 44. hxg5+ hxg5+ 45. Kg3 f4+ 46. Kf3 Nc4 0-1